 Dungeon Crawl Stone Soup version 0.31-a0-230-g09eb5fc4d3 (webtiles) character file.

Game seed: 11866599558387207161

65 qw the Shooter (level 3, -3/29 HPs)
             Began as a Minotaur Hexslinger on July 6, 2023.
             Killed from afar by Sigmund (4 damage)
             ... with a puff of flame
             ... on level 3 of the Dungeon.
             The game lasted 00:00:35 (1864 turns).

qw the Shooter (Minotaur Hexslinger)                Turns: 1864, Time: 00:00:36

Health: -3/29      AC: 11    Str: 12    XL:     3   Next: 94%
Magic:  3/3        EV: 11    Int: 10    God:
Gold:   111        SH:  0    Dex: 16    Spells: 3/4 levels left

rFire   . . .        Y - +1 sling
rCold   + . .        (no shield)
rNeg    . . .        d - +0 ring mail
rPois   .            (helmet restricted)
rElec   .            (no cloak)
rCorr   .            (no gloves)
SInv    .            b - +1 pair of boots
Will    .....        (no amulet)
Stlth   ++           k - +4 ring of protection
HPRegen 0.24/turn    l - ring of protection from cold
MPRegen 0.08/turn

%: no passive effects
@: no status effects
A: horns 2, retaliatory headbutt, thin skeletal structure 1, mutation resistance
1
a: no special abilities


You were on level 3 of the Dungeon.
You visited 1 branch of the dungeon, and saw 3 of its levels.

You collected 111 gold pieces.


Innate Abilities, Weirdness & Mutations

You have a pair of horns on your head.
You reflexively headbutt those who attack you in melee.
You have a somewhat thin skeletal structure. (Dex +2, Stealth+)
You are somewhat resistant to further mutation.


   Skills:
 - Level 2.0 Fighting
 + Level 4.1 Ranged Weapons
 - Level 1.4 Armour
 - Level 2.1 Dodging
 - Level 1.0 Spellcasting
 - Level 2.0 Hexes


You had 3 spell levels left.
You knew the following spells:

 Your Spells              Type           Power      Damage    Failure   Level
a - Slow                  Hex            16%        N/A       32%         1

Your spell library contained the following spells:

 Spells                   Type           Power      Damage    Failure   Level
 Inner Flame              Hex/Fire       2%         N/A       83%         3
 Portal Projectile        Hex/Tloc       4%         N/A       83%         3
 Cause Fear               Hex            2%         N/A       97%         4

Inventory:

Hand Weapons
 Y - a +1 sling (weapon)
Armour
 b - a +1 pair of boots (worn)
 d - a +0 ring mail (worn)
Jewellery
 f - a +6 ring of dexterity
 k - a +4 ring of protection (left hand)
 l - a ring of protection from cold (right hand)
Scrolls
 a - a scroll of identify
 h - a scroll of teleportation
 n - 3 scrolls of enchant weapon {unknown}
 o - a scroll of amnesia {unknown}
Potions
 c - a potion of might {unknown}
 e - 2 potions of mutation
 g - a potion of haste {unknown}
 i - a potion of curing {unknown}
 j - 2 potions of enlightenment {unknown}
 m - a potion of resistance {unknown}

Dungeon Overview and Level Annotations

Branches:
Dungeon (3/15)

Altars:

Annotations:
D:3 Sigmund


Message History

You shoot a sling bullet. The sling bullet hits Sigmund.
Sigmund is moderately wounded.
Sigmund gestures at you while chanting.
You are confused.
Sigmund hits you but does no damage.
Sigmund hits you from afar with a +0 scythe.
Sigmund casts a spell.
Sigmund flickers and vanishes!
Deactivating autopickup; reactivate with Ctrl-A.
You shoot a sling bullet. Something hits you.
You shoot a sling bullet.
You feel less confused. Something hits you!
You shoot a sling bullet. Something hits you.
You shoot a sling bullet. You shoot a sling bullet. Something hits you.
You shoot a sling bullet. Something hits you but does no damage.
You shoot a sling bullet. Something hits you but does no damage.
You shoot a sling bullet. Something hits you but does no damage.
You shoot a sling bullet. Something hits you but does no damage.
You shoot a sling bullet.
A magic dart appears from out of thin air!
The magic dart hits you but does no damage.
You shoot a sling bullet.
You hear some strange, mumbled words.
Something tries to affect you, but you resist.
You shoot a sling bullet. Something hits you.
You shoot a sling bullet.
You hear some strange, mumbled words.
A puff of flame appears from out of thin air!
The puff of flame hits you.
You die...

### #
##.##.# ..#
.#
######...#.#
#.###.#
...........#
#.....#
#####...###
...... ##.##
#..#######
#.#
..........
#.#
#.)######.
#.# #..# #@#
#..####
#.{..#
#.....#
######
#.....#
##.###8.#
##.# ...
...# ..
##....8.#.
####.#.#


There were no monsters in sight!

Vanquished Creatures
  2 adders
  A worm (D:2)
  A dart slug (D:1)
  3 bats
  8 endoplasms
  2 giant cockroaches (D:1)
  5 goblins
  3 hobgoblins
  2 quokkas
  3 ball pythons
  3 frilled lizards
  4 kobolds
  3 rats
40 creatures vanquished.

Notes
Turn   | Place    | Note
-------+----------+-------------------------------------------
     0 | D:1      | qw the Minotaur Hexslinger began the quest for the Orb.
     0 | D:1      | Reached XP level 1. HP: 16/16 MP: 1/1
     0 | D:1      | 0 ||| qw: Version: 0.3-a-46-gb1f654a
     0 | D:1      | 0 ||| qw: Game counter: 1735
     0 | D:1      | 0 ||| qw: Melee chars always use a shield: true
     0 | D:1      | 0 ||| qw: God list: Okawaru
     0 | D:1      | 0 ||| qw: Allow faded altars: false
     0 | D:1      | 0 ||| qw: Do Orc after clearing Dungeon:15 true
     0 | D:1      | 0 ||| qw: Do second Lair branch before Depths: true
     0 | D:1      | 0 ||| qw: Lair rune preference: random
     0 | D:1      | 0 ||| qw: Goals: Normal
     0 | D:1      | 0 ||| PLANNING D:1-11
   107 | D:1      | Reached skill level 3 in Ranged Weapons
   111 | D:1      | Reached XP level 2. HP: 23/23 MP: 2/2
   594 | D:1      | 594 ||| READING 2 scrolls labelled EHEMICU NAEJ.
   595 | D:1      | 595 ||| READING scroll labelled OQESUS PEYNIE.
   598 | D:1      | 598 ||| READING scroll labelled GEITOGIVEL.
   599 | D:1      | 599 ||| DRINKING 3 fuming green potions.
   599 | D:1      | Gained mutation: You have a somewhat thin skeletal
                  | structure. (Dex +2, Stealth+) [potion of mutation]
   599 | D:1      | Gained mutation: You are somewhat resistant to further
                  | mutation. [potion of mutation]
   600 | D:1      | 600 ||| DROPPING scroll of poison.
   797 | D:2      | Reached XP level 3. HP: 23/29 MP: 3/3
  1253 | D:2      | Reached skill level 4 in Ranged Weapons
  1384 | D:2      | 1384 ||| UPGRADING to +1 pair of boots.
  1389 | D:2      | 1389 ||| UPGRADING to +0 ring mail.
  1399 | D:2      | 1399 ||| DROPPING +0 robe.
  1400 | D:2      | 1400 ||| UPGRADING to +4 ring of protection.
  1401 | D:2      | 1401 ||| UPGRADING to ring of protection from cold.
  1402 | D:2      | 1402 ||| READING 2 scrolls of identify.
  1402 | D:2      | 1402 ||| IDENTIFYING glowing cyan potion
  1403 | D:2      | 1403 ||| DROPPING potion of degeneration.
  1828 | D:3      | Reached skill level 1 in Armour
  1844 | D:3      | Noticed Sigmund
  1856 | D:3      | HP: 4/29 [something (6)]
  1863 | D:3      | HP: 1/29 [something (5)]
  1864 | D:3      | Killed from afar by Sigmund

Levels and vault maps discovered:
D:1:      elethiomel_arrival_quiet, layout_basic
D:2:      kennysheep_six_static_rooms, layout_loops_ring,
          kennysheep_generic_room_14
D:3:      layout_loops_ring, minitemple, uniq_sigmund

Skill      XL: |  1  2  3 |
---------------+----------+-----
Ranged Weapons | 3 4 |  4.1
Fighting       | 2 |  2.0
Armour         | 1 |  1.4
Dodging        | |  2.1
Spellcasting   | |  1.0
Hexes          | |  2.0

Action                     || total
---------------------------++-------
   Fire: Sling             ||   124
    Use: Scroll            ||     4
         Potion            ||     1
 Armour: Robe              ||     5
         Ring mail         ||    12
  Dodge: Dodged            ||    27

Table legend:
 A = Non-vault XP
 B = Vault XP
 C = Vault XP percentage of total XP
 D = Non-vault monster count
 E = Vault monster count
 F = Vault count percentage of total count
                 A         B        C        D         E       F
            +---------+---------+-------+---------+---------+-------
      Total |      68 |      26 |  27.7 |      33 |       7 |  17.5
            +---------+---------+-------+---------+---------+-------
        D:1 |      31 |       0 |   0.0 |      17 |       0 |   0.0
        D:2 |      15 |      26 |  63.4 |       9 |       7 |  43.8
        D:3 |      22 |       0 |   0.0 |       7 |       0 |   0.0
            +---------+---------+-------+---------+---------+-------
